 Dungeon Crawl Stone Soup version 0.21.1-1-g345015fe64 (webtiles) character file.

3660 KleinerIrrer the Cleaver (level 10, -4/79 HPs)
             Began as a Formicid Fighter on Apr 4, 2018.
             Was an Initiate of Okawaru.
             Slain by a two-headed ogre
             ... wielding a +0 giant club
              (5 damage)
             ... on level 8 of the Dungeon.
             The game lasted 00:02:52 (10144 turns).

KleinerIrrer the Cleaver (Formicid Fighter)        Turns: 10144, Time: 00:02:52

Health: -4/79      AC: 18    Str: 24    XL:     10   Next: 34%
Magic:  10/10      EV:  7    Int:  8    God:    Okawaru [......]
Gold:   277        SH: 11    Dex: 10    Spells: 9/9 levels left

rFire    . . .     SeeInvis +   Y - +2 war axe
rCold    . . .     Gourm    .   c - +0 shield
rNeg     . . .     Faith    .   h - +0 plate armour
rPois    .         Spirit   .   (helmet unavailable)
rElec    .         Reflect  .   (no cloak)
rCorr    .         Harm     .   n - +1 pair of gloves
MR       +....                  s - +0 pair of boots
Stlth    ..........             (no amulet)
HPRegen  0.23/turn              m - +2 ring of protection
MPRegen  0.12/turn              (no ring)

@: no status effects
A: permanent stasis, dig shafts and tunnels, four strong arms, antennae 3
a: Dig, Shaft Self, Renounce Religion


You were on level 8 of the Dungeon.
You worshipped Okawaru.
Okawaru was noncommittal.
You were not hungry.

You visited 2 branches of the dungeon, and saw 9 of its levels.

You collected 277 gold pieces.


Innate Abilities, Weirdness & Mutations

You cannot be hasted, slowed, berserked, paralysed or teleported.
You can dig through walls and to a lower floor.
Your four strong arms can wield two-handed weapons with a shield.
You have a pair of large antennae on your head. (SInv)


   Skills:
 - Level 7.0 Fighting
 - Level 10.4 Axes
 - Level 6.0 Armour
 - Level 1.3 Dodging
 + Level 8.4 Shields


You had 9 spell levels left.
You didn't know any spells.

Inventory:

Hand Weapons
 q - a +0 hand axe of flaming
 Y - a +2 war axe (weapon)
Armour
 c - a +0 shield (worn)
 h - a +0 plate armour (worn)
 n - a +1 pair of gloves (worn)
 s - a +0 pair of boots (worn)
Jewellery
 m - a +2 ring of protection (left hand)
Wands
 r - a wand of iceblast (6)
Scrolls
 f - 5 scrolls of remove curse
 g - a scroll of identify
Potions
 a - 3 potions of curing
 d - a potion of might
 k - a potion of magic {unknown}
 p - a potion of resistance
 t - a potion of cancellation {unknown}
Comestibles
 e - 13 rations

Dungeon Overview and Level Annotations

Branches:
Dungeon (8/15)             Temple (1/1) D:7
   Lair: D:8-11

Altars:
Cheibriados
Dithmenos
Elyvilon
Fedhas
Gozag
Hepliaklqana
Kikubaaqudgha
Makhleb
Nemelex Xobeh
Okawaru
Qazlal
Sif Muna
Trog
Uskayaw
Vehumet
Wu Jian
Xom
Zin
The Shining One

Annotations:
D:8 KleinerIrrer's ghost, novice FoFi


Message History

You hit the two-headed ogre.
The two-headed ogre is severely wounded.
You hit KleinerIrrer's ghost but do no damage.
You hit the cyclops.
The phantom blinks!
You block KleinerIrrer's ghost's attack.
The two-headed ogre hits you with a giant club.
The two-headed ogre hits you but does no damage.
You slash the two-headed ogre!
The two-headed ogre is almost dead.
You hit the cyclops. You hit KleinerIrrer's ghost.
The phantom blinks!
The cyclops closely misses you. KleinerIrrer's ghost hits you.
You hit the two-headed ogre.
The two-headed ogre is almost dead.
You completely miss KleinerIrrer's ghost.
You slash the cyclops!
The two-headed ogre hits you with a giant club!
The two-headed ogre hits you with a giant club.
You die...

........$#
.....ยค..# ........#
#..)....# {
#...W...# #.......#
#WCO....# ##.@.....#
#..(.(...#
...######'#######
#......#(#
.######.#.######
#.#...............
#.#......#.#######
######.#............
..(.............####


You could see a two-headed ogre, a cyclops, a phantom and KleinerIrrer's ghost.

Vanquished Creatures
  The ghost of KleinerIrrer the Cleaver, a novice FoFi (D:7)
  The ghost of Name63 the Skirmisher, a novice MiFi of Kikubaaqudgha (D:5)
  An ice beast (D:7)
  A sky beast (D:5)
  2 orc warriors
  3 phantoms
  6 ogres
  A centaur (D:7)
  2 bullfrogs
  3 scorpions
  2 howler monkeys
  3 crimson imps
  A bullfrog zombie (D:5)
  5 hounds
  A quasit (D:3)
  4 orc priests
  A gnoll shaman (D:4)
  A bullfrog skeleton (D:8)
  A jelly (D:6)
  Natasha (twice) (D:3)
  An iguana (D:7)
  5 worker ants
  6 orc wizards
  A hound zombie (D:7)
  A worker ant zombie (D:6)
  5 gnolls (D:4)
  7 adders
  3 oozes
  An adder zombie (D:5)
  3 worms
  5 leopard geckos
  20 orcs
  2 ball pythons
  9 bats
  8 giant cockroaches
  11 goblins
  3 hobgoblins
  13 jackals
  3 quokkas (D:7)
  5 frilled lizards
  2 jackal skeletons (D:4)
  9 kobolds
  A leopard gecko skeleton (D:4)
  A quokka skeleton (D:4)
  10 rats
177 creatures vanquished.

Vanquished Creatures (others)
  5 dream sheep (D:3)
  Natasha (D:3)
  A bat (D:3)
7 creatures vanquished.

Grand Total: 184 creatures vanquished

Notes
Turn   | Place    | Note
-------+----------+-------------------------------------------
     0 | D:1      | KleinerIrrer the Formicid Fighter began the quest for the Orb.
     0 | D:1      | Reached XP level 1. HP: 18/18 MP: 1/1
     0 | D:1      | 0 ||| counter = 44
     3 | D:1      | 3 ||| Stepping ~*~*~tactically~*~*~ (water).
   162 | D:1      | Reached XP level 2. HP: 24/24 MP: 2/2
   213 | D:1      | 213 ||| DROPPING club.
   399 | D:1      | You fall through a shaft!
   401 | D:2      | 401 ||| Shafted from D:1 to D:2.
   404 | D:1      | 404 ||| Successfully unshafted to D:1.
   563 | D:1      | Reached skill level 3 in Axes
   610 | D:1      | Reached XP level 3. HP: 26/29 MP: 3/3
  1045 | D:1      | 1045 ||| UPGRADING to pair of gloves.
  1050 | D:1      | 1050 ||| READING scroll labeled LOADUA QEFRAA.
  1051 | D:1      | 1051 ||| READING scroll labeled NEJETI FYPH.
  1052 | D:1      | 1052 ||| READING 2 scrolls labeled HIG JIULYNOON.
  1053 | D:1      | 1053 ||| READING scroll labeled GUCREA COUT.
  1054 | D:1      | 1054 ||| READING scroll labeled ZEAPHIACEKK.
  1055 | D:1      | 1055 ||| DROPPING scroll of amnesia.
  1203 | D:2      | Reached skill level 4 in Axes
  1203 | D:2      | Reached XP level 4. HP: 35/35 MP: 4/4
  1456 | D:2      | 1456 ||| STAIRDANCE
  1485 | D:1      | 1485 ||| READING scroll labeled GICOKE CAKE.
  1502 | D:2      | Reached XP level 5. HP: 41/41 MP: 5/5
  2052 | D:3      | Reached skill level 5 in Axes
  2212 | D:3      | 2212 ||| STAIRDANCE
  2280 | D:2      | 2280 ||| READING scroll labeled ESE BIPHEST.
  2287 | D:3      | 2287 ||| STAIRDANCE
  2409 | D:3      | Noticed Natasha
  2414 | D:3      | Killed Natasha
  2414 | D:3      | Reached skill level 1 in Dodging
  2477 | D:3      | Killed Natasha
  2581 | D:3      | Noticed Natasha
  2591 | D:3      | Killed Natasha
  2714 | D:3      | Found a white marble altar of Elyvilon.
  2728 | D:3      | Found a burning altar of Makhleb.
  2752 | D:3      | Found a bloodstained altar of Trog.
  2779 | D:3      | Found a stormy altar of Qazlal.
  2823 | D:3      | Found a shimmering altar of Xom.
  2823 | D:3      | Noticed a dream sheep
  2823 | D:3      | Noticed a dream sheep
  2823 | D:3      | Noticed a dream sheep
  2823 | D:3      | Noticed a dream sheep
  2823 | D:3      | Noticed a dream sheep
  2827 | D:3      | Killed a dream sheep
  2827 | D:3      | Killed a dream sheep
  2827 | D:3      | Killed a dream sheep
  2827 | D:3      | Killed a dream sheep
  2827 | D:3      | Reached XP level 6. HP: 31/47 MP: 6/6
  2828 | D:3      | 2828 ||| Stepping ~*~*~tactically~*~*~ (cloud).
  2829 | D:3      | Killed a dream sheep
  3210 | D:3      | 3210 ||| UPGRADING to chain mail.
  3220 | D:3      | 3220 ||| DROPPING +0 scale mail.
  3277 | D:4      | Noticed a phantom
  3317 | D:4      | 3317 ||| STAIRDANCE
  3376 | D:3      | 3376 ||| EATING 9 rations.
  3412 | D:4      | Killed a phantom
  3412 | D:4      | Reached skill level 6 in Axes
  3511 | D:4      | 3511 ||| READING scroll of enchant weapon.
  3511 | D:4      | 3511 ||| ENCHANTING +1 war axe.
  3523 | D:4      | Noticed an ogre
  3598 | D:4      | HP: 6/47 [ogre/giant club (16)]
  3614 | D:4      | 3614 ||| STAIRDANCE
  3870 | D:3      | 3870 ||| DRINKING 2 fuming blue potions.
  3871 | D:3      | 3871 ||| DROPPING potion of flight.
  3874 | D:4      | 3874 ||| STAIRDANCE
  3879 | D:3      | Killed an ogre
  3879 | D:3      | Reached XP level 7. HP: 20/54 MP: 7/7
  4072 | D:4      | 4072 ||| STAIRDANCE
  4375 | D:4      | Reached skill level 7 in Axes
  4646 | D:4      | Reached XP level 8. HP: 59/60 MP: 8/8
  4790 | D:4      | 4790 ||| READING 2 scrolls labeled JEOWNUL ESEM.
  4791 | D:4      | 4791 ||| UPGRADING to mace.
  4792 | D:4      | 4792 ||| SWAPPING to +2 war axe.
  4793 | D:4      | 4793 ||| DRINKING 2 lumpy orange potions.
  4794 | D:4      | 4794 ||| DROPPING potion of berserk rage.
  4803 | D:5      | Entered Level 5 of the Dungeon
  4805 | D:5      | 4805 ||| STAIRDANCE
  4818 | D:5      | 4818 ||| STAIRDANCE
  4827 | D:5      | 4827 ||| STAIRDANCE
  4840 | D:5      | 4840 ||| STAIRDANCE
  4874 | D:4      | 4874 ||| UPGRADING to flail.
  4875 | D:4      | 4875 ||| SWAPPING to +2 war axe.
  4876 | D:4      | 4876 ||| DROPPING +0 mace.
  4884 | D:5      | Noticed Name63's ghost (novice MiFi)
  4884 | D:5      | 4884 ||| STAIRDANCE
  4953 | D:4      | 4953 ||| DROPPING +0 flail.
  4954 | D:4      | 4954 ||| UPGRADING to flail of protection.
  4955 | D:4      | 4955 ||| SWAPPING to +2 war axe.
  4959 | D:5      | 4959 ||| STAIRDANCE
  4965 | D:4      | Reached skill level 8 in Axes
  5125 | D:5      | 5125 ||| STAIRDANCE
  5160 | D:4      | 5160 ||| STAIRDANCE
  5313 | D:4      | 5313 ||| STAIRDANCE
  5389 | D:5      | 5389 ||| STAIRDANCE
  5601 | D:4      | 5601 ||| EATING 8 rations.
  5608 | D:5      | 5608 ||| STAIRDANCE
  5722 | D:5      | 5722 ||| STAIRDANCE
  5741 | D:4      | 5741 ||| STAIRDANCE
  5809 | D:5      | 5809 ||| STAIRDANCE
  5816 | D:5      | 5816 ||| STAIRDANCE
  5906 | D:5      | 5906 ||| STAIRDANCE
  6025 | D:5      | 6025 ||| STAIRDANCE
  6161 | D:5      | 6161 ||| STAIRDANCE
  6216 | D:5      | 6216 ||| STAIRDANCE
  6275 | D:5      | 6275 ||| STAIRDANCE
  6375 | D:5      | 6375 ||| STAIRDANCE
  6420 | D:5      | 6420 ||| STAIRDANCE
  6527 | D:5      | 6527 ||| STAIRDANCE
  6590 | D:5      | Killed Name63's ghost
  6590 | D:5      | Reached XP level 9. HP: 24/68 MP: 9/9
  6794 | D:5      | 6794 ||| EATING 7 rations.
  6838 | D:5      | 6838 ||| Stepping ~*~*~tactically~*~*~ (water).
  6893 | D:5      | Found an opulent altar of Gozag.
  7092 | D:5      | 7092 ||| READING scroll labeled ITYACW RIPPET.
  7249 | D:5      | 7249 ||| READING scroll labeled YFYQAW SE RIU.
  7250 | D:5      | 7250 ||| DRINKING 3 lumpy purple potions.
  7251 | D:5      | 7251 ||| DRINKING 2 puce potions.
  7298 | D:6      | Reached skill level 9 in Axes
  7299 | D:6      | 7299 ||| STAIRDANCE
  7492 | D:6      | Reached skill level 6 in Fighting
  8315 | D:6      | 8315 ||| UPGRADING to pair of boots.
  8320 | D:6      | 8320 ||| READING scroll labeled GAGOECWOSSI.
  8321 | D:6      | 8321 ||| DRINKING 2 purple potions.
  8322 | D:6      | 8322 ||| READING 2 scrolls of identify.
  8322 | D:6      | 8322 ||| IDENTIFYING dark potion
  8323 | D:6      | 8323 ||| DROPPING potion of brilliance.
  8366 | D:7      | Noticed KleinerIrrer's ghost (novice FoFi)
  8381 | D:7      | HP: 12/69 [KleinerIrrer's ghost (13)]
  8382 | D:7      | 8382 ||| DRINKING potion of heal wounds.
  8391 | D:7      | Killed KleinerIrrer's ghost
  8391 | D:7      | Reached skill level 10 in Axes
  8391 | D:7      | Reached XP level 10. HP: 40/76 MP: 10/10
  8919 | D:7      | 8919 ||| DROPPING +2 flail of protection.
  8920 | D:7      | 8920 ||| UPGRADING to hand axe of flaming.
  8921 | D:7      | 8921 ||| SWAPPING to +2 war axe.
  9022 | D:7      | 9022 ||| STAIRDANCE
  9042 | D:6      | 9042 ||| STAIRDANCE
  9109 | D:5      | 9109 ||| UPGRADING to plate armour.
  9119 | D:5      | 9119 ||| DROPPING +0 chain mail.
  9120 | D:5      | 9120 ||| UPGRADING to encrusted emerald ring.
  9529 | D:7      | 9529 ||| READING scroll of enchant armour.
  9529 | D:7      | 9529 ||| ENCHANTING +0 pair of gloves.
  9530 | D:7      | Found a staircase to the Ecumenical Temple.
  9536 | Temple   | Entered the Ecumenical Temple
  9537 | Temple   | 9537 ||| Entered T.
  9543 | Temple   | Became a worshipper of Warmaster Okawaru
  9544 | Temple   | 9544 ||| DRINKING 2 red potions.
  9588 | Temple   | 9588 ||| READING 2 scrolls of identify.
  9588 | Temple   | 9588 ||| IDENTIFYING green potion
  9589 | Temple   | 9589 ||| DROPPING potion of degeneration.
  9590 | Temple   | 9590 ||| DROPPING potion of lignification.
  9721 | D:7      | Reached skill level 6 in Armour
 10131 | D:8      | Noticed a cyclops
 10132 | D:8      | Noticed a two-headed ogre
 10132 | D:8      | Noticed KleinerIrrer's ghost (novice FoFi)
 10142 | D:8      | HP: 17/79 [two-headed ogre/giant club (6)]
 10144 | D:8      | HP: 1/79 [two-headed ogre/giant club (14)]
 10144 | D:8      | Slain by a two-headed ogre

Vault maps used:
D:1:      dpeg_arrival_subterranean_lakeside_camping
D:2:      first_ration
D:3:      elyvilon_altar_4, old_standard_altar, bloody_trog,
          grunt_qazlal_clouds, kb_xom_exploding_sheep, uniq_natasha
D:5:      minmay_misc_feat_enclosed, nicolae_gozag_seed_capital
D:7:      minmay_temple_entry_fiery
D:8:      david_lair_shrubbed, serial_shops, shop, shop, grunt_ogre_cave,
          nicolae_ru_the_path_less_chosen
Temple:   nicolae_temple_no_exploring_needed

Skill      XL: |  1  2  3  4  5  6  7  8  9 10 |
---------------+-------------------------------+-----
Axes           | 3 4 5 6 7 8 10 | 10.4
Dodging        | 1 |  1.3
Shields        | 4 5 7 8 |  8.4
Fighting       | 4 5 6 7 |  7.0
Armour         | 4 6 |  6.0

Action                   |  1- 3 |  4- 6 |  7- 9 | 10-12 || total
-------------------------+-------+-------+-------+-------++-------
Melee: War axe           |   105 |   190 |   245 |   124 ||   664
  Use: Scroll            |     5 |     3 |     5 |     2 ||    15
       Potion            |       |     1 |     5 |     1 ||     7
 Stab: Distracted        |       |       |     1 |       ||     1
  Eat: Chunk             |     1 |     6 |     7 |     6 ||    20
       Ration            |       |     1 |     2 |       ||     3
Armor: Scale mail        |    51 |    60 |       |       ||   111
       Chain mail        |       |    12 |   112 |    17 ||   141
       Plate armour      |       |       |       |    25 ||    25
Dodge: Dodged            |    32 |    53 |    63 |    29 ||   177
Block: Shield            |    53 |    84 |   143 |    48 ||   328

Table legend:
 A = Spawn XP
 B = Non-spawn XP
 C = Spawn XP percentage of total XP
 D = Spawn monster count
 E = Non-spawn monster count
 F = Spawn count percentage of total count
 G = Total turns spent on level
                    A         B        C        D         E        F      G
               +---------+---------+-------+---------+---------+-------+---------
         Total |       0 |    5229 |   0.0 |       0 |     178 |   0.0 | 10144
               +---------+---------+-------+---------+---------+-------+---------
           D:1 |       0 |      49 |   0.0 |       0 |      30 |   0.0 |  1099
           D:2 |       0 |     109 |   0.0 |       0 |      27 |   0.0 |  1049
           D:3 |       0 |     344 |   0.0 |       0 |      17 |   0.0 |  1918
           D:4 |       0 |    1056 |   0.0 |       0 |      41 |   0.0 |  2455
           D:5 |       0 |     915 |   0.0 |       0 |       8 |   0.0 |   911
           D:6 |       0 |     764 |   0.0 |       0 |      18 |   0.0 |  1015
           D:7 |       0 |    1952 |   0.0 |       0 |      36 |   0.0 |  1599
           D:8 |       0 |      40 |   0.0 |       0 |       1 |   0.0 |    36
               +---------+---------+-------+---------+---------+-------+---------
